 Dungeon Crawl Stone Soup version 0.24-a0-487-g57318f2ed0 (webtiles) character file.

Game seed: 2106685397807662883

77 PentaManta the Skirmisher (level 4, -2/38 HPs)
             Began as a Formicid Fighter on July 10, 2019.
             Killed by divine providence
             ... invoked by an orc priest
              (13 damage)
             ... on level 2 of the Dungeon.
             The game lasted 00:03:17 (1620 turns).

PentaManta the Skirmisher (Formicid Fighter)        Turns: 1620, Time: 00:03:17

Health: -2/38      AC:  9    Str: 27    XL:     4   Next: 60%
Magic:  4/4        EV:  7    Int:  7    God:
Gold:   40         SH: 10    Dex: 10    Spells: 3/3 levels left

rFire    + . .     SeeInvis +   a - +0 war axe
rCold    . . .     Gourm    .   c - +0 shield
rNeg     . . .     Faith    .   m - +0 chain mail {rF+}
rPois    .         Spirit   .   (helmet unavailable)
rElec    .         Reflect  .   (no cloak)
rCorr    .         Harm     .   (no gloves)
MR       .....                  (no boots)
Stlth    ..........             e - amulet of magic regeneration (curse)
HPRegen  0.12/turn              (no ring)
MPRegen  0.34/turn              (no ring)

@: mighty
A: permanent stasis, dig shafts and tunnels, four strong arms, antennae 3
a: Dig, Shaft Self


You were on level 2 of the Dungeon.
You were hungry.

You visited 1 branch of the dungeon, and saw 3 of its levels.

You collected 40 gold pieces.

Inventory:

Hand Weapons
 a - a +0 war axe (weapon)
Missiles
 h - 4 poisoned darts (quivered)
Armour
 c - a +0 shield (worn)
 m - a +0 chain mail of fire resistance (worn)
Jewellery
 e - a cursed amulet of magic regeneration (around neck)
Scrolls
 b - a scroll of noise {unknown}
 g - a scroll of magic mapping {unknown}
 j - a scroll of random uselessness {unknown}
 k - 3 scrolls of remove curse {unknown}
 l - a scroll of amnesia {unknown}
 n - a scroll of identify {unknown}
Potions
 i - 2 potions of degeneration {unknown}
Comestibles
 f - 6 rations


   Skills:
 + Level 4.8 Fighting
 * Level 2.1 Axes
 - Level 3.2 Armour
 + Level 4.5 Shields


You had 3 spell levels left.
You didn't know any spells.
Your spell library was empty.

Dungeon Overview and Level Annotations

Branches:
Dungeon (3/15)

Altars:
Vehumet


Innate Abilities, Weirdness & Mutations

You cannot be hasted, slowed, berserked, paralysed or teleported.
You can dig through walls and to a lower floor.
Your four strong arms can wield two-handed weapons with a shield.
You have a pair of large antennae on your head. (SInv)


Message History

An orc comes into view. It is wielding a +0 whip.
There is a stone staircase leading up here.
The orc shouts!
The orc priest mumbles some strange prayers to Beogh against you.
Beogh smites you!
The orc priest invokes the aid of Beogh against you.
Beogh smites you!
You climb upwards.
There is a stone staircase leading down here.
Press: ? - help, v - describe, . - travel
Here: an orc priest, wielding a +2 flail of protection The floor.
You feel very mighty all of a sudden.
The orc priest hits you with a +2 flail of protection.
* * * LOW HITPOINT WARNING * * *
You hit the orc priest.
The orc priest is moderately wounded.
The orc priest invokes the aid of Beogh against you.
Beogh smites you!
You die...

###.###.#.##.....#.....#.#.# #..
.#...#....##...#.#######.#.# #(#
..._......##.............#.# #†#
.#...#..######.#.#########.####(#
###.###............#.......#.).(#
.#...#..######...#.##.######.#...
........# ##..#.##.# #.#)##
.......########.o#.##.# #.#...
##.###..........@.....# #.####
##.# #.################ #.....
##.# #.#..........# #.#### ##.#
#.#.########<# #.# ##.#
#.#.######################## ##.#
#.#......................... ##.#
#.##########################
...###.# ###....#


You could see an orc priest.

Vanquished Creatures
  A gnoll (D:1)
  2 adders (D:2)
  2 oozes
  A dart slug (D:1)
  2 leopard geckos
  3 giant cockroaches
  3 goblins
  5 hobgoblins
  4 kobolds
  A quokka (D:2)
  6 bats
  A frilled lizard (D:2)
  6 rats
37 creatures vanquished.

Notes
Turn   | Place    | Note
-------+----------+-------------------------------------------
     0 | D:1      | PentaManta the Formicid Fighter began the quest for the
                  | Orb.
     0 | D:1      | Reached XP level 1. HP: 18/18 MP: 1/1
    72 | D:1      | Reached XP level 2. HP: 24/24 MP: 2/2
   189 | D:1      | Reached XP level 3. HP: 26/30 MP: 3/3
   565 | D:2      | Found a radiant altar of Vehumet.
   628 | D:2      | Reached XP level 4. HP: 38/38 MP: 4/4
  1620 | D:2      | Killed from afar by an orc priest

Levels and vault maps discovered:
D:1:      minmay_arrival_plants_in_alcoves, layout_rooms, serial_rivers,
          chequers_serial_rivers_small_b, chequers_serial_rivers_small_3,
          chequers_serial_rivers_micro_e, chequers_serial_rivers_small_3
D:2:      layout_basic, vehumet_crystals
D:3:      layout_basic

Skill      XL: |  1  2 |
---------------+-------+-----
Shields        | 4 |  4.5
Fighting       | 4 |  4.8
Axes           | |  2.1
Armour         | |  3.2

Action                   |  1- 3 |  4- 6 || total
-------------------------+-------+-------++-------
Melee: War axe           |    64 |    59 ||   123
Throw: Dart              |     4 |       ||     4
  Use: Potion            |       |     1 ||     1
  Eat: Chunk             |       |     2 ||     2
Armor: Scale mail        |    31 |    12 ||    43
       Chain mail        |       |    10 ||    10
Dodge: Dodged            |    27 |    25 ||    52
Block: Shield            |    36 |    38 ||    74

Table legend:
 A = Non-vault XP
 B = Vault XP
 C = Vault XP percentage of total XP
 D = Non-vault monster count
 E = Vault monster count
 F = Vault count percentage of total count
                 A         B        C        D         E       F
            +---------+---------+-------+---------+---------+-------
      Total |     111 |       0 |   0.0 |      37 |       0 |   0.0
            +---------+---------+-------+---------+---------+-------
        D:1 |      59 |       0 |   0.0 |      23 |       0 |   0.0
        D:2 |      52 |       0 |   0.0 |      14 |       0 |   0.0
            +---------+---------+-------+---------+---------+-------
